cohdb
Replays
Latest Replays
All Replays
Popular Replays
Top Player Replays
Match Explorer
How It Works
Community
CoH3 Stats
Reddit
Sign in to upload your games and track your stats! →
Sign in with Steam
Match 42781207
Unlisted
Match 42781207
Overview
Messages
Build Orders
End
Selects Italian Coastal Battlegroup
Selects Coastal Reserves
Coastal Reserve
Construct Infanterie Kompanie
MG 42 Machine Gun Team
Coastal Reserve
Medical Bunker
Construct Panzergrenadier Kompanie
Pak 40 Anti-tank Gun Team
Support Elements
Nebelwerfer 42 Rocket Launcher Team
Selects Designate Defensive Line
Selects Designated Artillery Overwatch
Designate Defensive Line
StuG III G Assault Gun
Nebelwerfer 42 Rocket Launcher Team
Repair Bunker
Pioneer Squad
Selects Bulwark
Medical Bunker
Designate Defensive Line
Selects Bulwark
Kettenkrad Recon Vehicle
Construct Panzer Kompanie
Selects Artillery Officer
Designated Artillery Overwatch
Repair Bunker
Designated Artillery Overwatch
光光朱
zpl0905
万物终腐朽-慈父予新生
KOYA
Etgo
Hk
Jarkke
Setti-Veke
0
0
Comments
sign in to comment!
No comments posted yet!